[Event "FTX Crypto Cup MCCT 2022"]
[Site "Miami"]
[Date "2022.08.11"]
[Round "6.6"]
[White "Duda, Jan-Krzysztof"]
[Black "Praggnanandhaa R"]
[Result "1-0"]
[ECO "D00"]
[WhiteElo "2750"]
[BlackElo "2648"]
[Annotator "TA"]
[PlyCount "87"]
[EventDate "2022.08.10"]
[EventType "tourn"]
[EventCountry "USA"]
[SourceTitle "playchess.com"]
[Source "ChessBase"]
[SourceQuality "1"]
[TimeControl "300+3"]

1. d4 Nf6 2. Bg5 d5 3. Nd2 c5 4. Bxf6 gxf6 5. dxc5 e5 6. e3 {[%emt 0:00:02] D00: 1 d4 d5: Unusual lines.} Bxc5 {[%emt 0:00:02][%cal Bf8c5,Bc5b6,Bb6d8,Bd8e7][%mdl 32] [#]} 7. a3 $146 ({Predecessor:} 7. Nb3 Nc6 8. Nxc5 Qa5+ 9. Qd2 Qxc5 10. O-O-O Be6 11. Kb1 O-O-O 12. Ne2 d4 13. exd4 {0-1 (54) Boysan,M-Skold,K Varna 1962}) 7... Nc6 8. c4 {[%emt 0:00:18] Black has an edge.} d4 9. Nb3 Bb6 10. c5 {[%emt 0:00:06] [#]} dxe3 $1 11. Qxd8+ ({Reject} 11. cxb6 exf2+ 12. Kxf2 Qxb6+ 13. Ke1 Be6 $19) (11. fxe3 Qxd1+) 11... Bxd8 12. fxe3 Be7 13. Rc1 Be6 14. Bc4 Rg8 15. Kf2 a5 16. Nf3 a4 17. Nbd2 Ra5 18. Ne4 f5 {[%emt 0:00:15] Hoping for ...Bxc4.} 19. Nd6+ Bxd6 20. cxd6 Kd7 21. Rhd1 f6 22. Nd2 Rd8 $2 (22... Bxc4 $1 $15 {stays ahead.} 23. Nxc4 Rb5) 23. b4 $1 $16 Raa8 {[%emt 0:00:40] [#]} 24. Bb5 (24. g4 $1 $16) 24... Kxd6 $11 25. Ne4+ {[%emt 0:00:03][%mdl 64] Discovered Attack (Double check)} Ke7 26. Nc5 Rxd1 27. Rxd1 Nd8 (27... f4 $11) 28. Nxe6 $16 {[%emt 0:00:11] White is much more active. Black is on the road to losing.} ({Stronger than} 28. Nxa4 Nf7 29. Rc1 Ra7 $15) ({Much worse is} 28. Bxa4 $6 {[#]} Rxa4 $1 29. Nxa4 Bb3 $11) 28... Kxe6 {[%emt 0:00:07][%mdl 4096] Endgame KRB-KRN} 29. Bd7+ {[%emt 0:00:01][%mdl 64] Deflection} Ke7 30. Bxf5 {[%emt 0:00:00] Strongly threatening Rd7+.} Ne6 31. Bxh7 Rc8 32. h4 {[%emt 0:00:05][%cal Bh2h4,Bh4h5,Bh5h6,Bh6h7][%mdl 32] Bf5 is the strong threat.} Rc3 (32... Rh8 $16 {was worth a try.}) 33. Rd3 $18 Rc2+ 34. Kf3 {[%emt 0:00:02][%cal Od3d7] Black must now prevent Rd7+!} Rc1 35. Bf5 Nf8 (35... Rc4 $142 36. g4 Rc7) 36. g4 Rh1 37. h5 {[%emt 0:00:03] White is clearly winning.} Ne6 38. Rc3 Ng5+ 39. Kg2 Ra1 (39... Rh3 $142 40. Rc7+ Kd6 41. Rxb7 Rxe3 42. Rd7+ Kc6) 40. h6 Ra2+ 41. Kg3 Ra1 42. h7 Rh1 43. Kg2 Rh4 44. Rc7+ {[%emt 0:00:05] Weighted Error Value: White=0.09 (flawless) /Black=0.29 (precise)} 1-0

[Event "FTX Crypto Cup MCCT 2022"]
[Site "Miami"]
[Date "2022.08.11"]
[Round "7.1"]
[White "Carlsen, Magnus"]
[Black "Praggnanandhaa R"]
[Result "1/2-1/2"]
[ECO "E01"]
[WhiteElo "2864"]
[BlackElo "2648"]
[Annotator "TA"]
[PlyCount "152"]
[EventDate "2022.08.10"]
[EventType "tourn"]
[EventCountry "USA"]
[SourceTitle "playchess.com"]
[Source "ChessBase"]
[SourceQuality "1"]
[TimeControl "900+10"]

1. Nf3 d5 2. g3 c5 3. Bg2 Nc6 4. d4 e6 5. O-O cxd4 6. Nxd4 Bc5 7. Nxc6 bxc6 8. c4 Nf6 9. Qc2 $1 {[%emt 0:00:32] 9.Qc2 is better than 9.Nc3. E01: Catalan: Early deviations.} Qe7 (9... Nd7 $11) 10. Nc3 (10. cxd5 $16 {Threatens to win with Be3.} cxd5 11. e4) 10... O-O $11 11. Bf4 Ba6 12. Na4 {[%emt 0:00:33] [#]} Bb4 $146 (12... Bxc4 $2 13. Nxc5 Bxe2 14. Rfe1 $18) ({Predecessor:} 12... Bd6 13. Bxd6 Qxd6 14. c5 Qe7 15. Rfd1 Rab8 16. b3 e5 17. a3 Nd7 18. b4 f5 {½-½ (36) Khaustov,V (2203)-Cheremnova,T (2163) Berdsk 2008}) 13. a3 Bd6 14. Bxd6 Qxd6 15. Rfd1 Qe7 16. b3 Rab8 17. Qc3 dxc4 18. bxc4 c5 19. Rd3 h6 20. Rad1 Rfc8 21. Rd6 Bb7 22. Qe3 Bxg2 23. Kxg2 Qc7 24. Nxc5 Ne8 $1 $17 (24... Qxc5 $2 25. Rd8+ $3 Qf8 26. Rxf8+ Kxf8 27. Qxa7 $18) 25. Nxe6 Qb7+ ({Of course not} 25... fxe6 $6 26. Rxe6 (26. Qxe6+ Kh8 $15) 26... Nf6 27. c5 $11) 26. R6d5 fxe6 27. Qxe6+ Kh8 28. Qe4 Qc6 (28... Qa8 $17 {Hoping for ...Nf6.} 29. R5d4 Qxe4+ 30. Rxe4 Rb2) 29. R1d4 $1 $15 Qa8 30. Re5 Qxe4+ 31. Rexe4 Rc7 {[%emt 0:00:10] Inhibits Re7.} 32. Re5 Nf6 33. f3 Rbc8 34. Ra5 Nd7 35. Kf2 Nc5 {[%emt 0:00:15] Strongly threatening ...Nb3.} 36. Rd5 a6 37. g4 Rc6 38. h4 Kg8 39. Rf5 R8c7 40. h5 Nb7 41. Rad5 Rxc4 42. Rfe5 R4c5 ({Better is} 42... R7c5 $1 $19 43. Kf1 Rc1+ 44. Kf2 R1c3 45. Rxc5 Nxc5) 43. Rxc5 $17 Nxc5 {[%emt 0:00:04][%mdl 4096] Endgame KRN-KR} 44. f4 Kf7 45. Kf3 Nb7 46. Rd5 Ke6 47. Re5+ Kd6 (47... Kf6 $17) 48. e3 Nc5 49. g5 Ne6 50. gxh6 gxh6 51. Rf5 {[%emt 0:00:07][%mdl 8192] [#]} (51. Kg4 $1 $11) 51... Ke7 $1 $19 52. Kg4 $2 {[%emt 0:00:28] [#]} (52. Rd5) 52... Rc3 $2 ({Black should try} 52... Rc5 $1 $19 53. e4 Rxf5 54. Kxf5 Nc5) 53. Re5 $1 $11 Kf6 (53... Rxa3 $2 54. f5 $18) 54. Rf5+ Kg7 55. Re5 Kf7 56. Rf5+ Ke7 57. Re5 {[%emt 0:00:01] Black must now prevent f5.} Rc5 (57... Rxa3 $2 58. f5 $18) 58. Re4 Kf6 {[%emt 0:00:07] Inhibits f5.} 59. Ra4 a5 60. e4 Nc7 61. Rd4 {[%emt 0:00:09] The position is equal.} Ne6 62. Rd7 Nxf4 63. Kxf4 {[%emt 0:00:00] And now Rd6+ would win.} Rxh5 {[%emt 0:00:01] KR-KR} 64. Rd6+ Ke7 65. Ra6 Rh4+ 66. Ke5 Rh5+ 67. Kd4 Rb5 68. e5 h5 69. Rh6 Rb3 70. a4 h4 71. Kd5 {[%emt 0:00:07] Rh7+ is the strong threat.} Rd3+ 72. Ke4 Ra3 73. Kf5 Rf3+ 74. Ke4 Ra3 75. Kf5 Rf3+ 76. Ke4 Ra3 {[%emt 0:00:01] Weighted Error Value: White=0.33/Black=0.20 (precise)} 1/2-1/2

[Event "FTX Crypto Cup MCCT 2022"]
[Site "Miami"]
[Date "2022.08.11"]
[Round "7.1"]
[White "Aronian, Levon"]
[Black "Firouzja, Alireza"]
[Result "1/2-1/2"]
[ECO "A28"]
[WhiteElo "2775"]
[BlackElo "2793"]
[Annotator "TA"]
[PlyCount "98"]
[EventDate "2022.08.10"]
[EventType "tourn"]
[EventCountry "USA"]
[SourceTitle "playchess.com"]
[Source "ChessBase"]
[SourceQuality "1"]
[TimeControl "900+10"]

1. c4 e5 2. Nc3 Nf6 3. Nf3 Nc6 4. e4 Bb4 5. d3 d6 6. Be2 {[%emt 0:00:01] A28: English Opening: Four Knights Variation.} Bc5 {[%emt 0:00:32] 6...Bg4 is the modern continuation.} 7. O-O Bg4 {[%emt 0:00:09] [#]} 8. Kh1 $146 ({Predecessor:} 8. Rb1 a6 9. b4 Ba7 10. Kh1 h6 11. h3 Bxf3 12. Bxf3 Nd4 13. g3 Nxf3 14. Qxf3 {0-1 (39) Dubov,D (2714)-Abasov,N (2652) Struga 2021}) 8... O-O 9. Be3 a5 10. h3 Bxf3 11. Bxf3 Nd4 12. g3 Ne6 13. Bd2 c6 14. Bg2 Nd7 15. f4 exf4 16. gxf4 f5 17. exf5 ({White should try} 17. Ne2 $11) 17... Nd4 $1 $15 18. Ne4 Nxf5 {[%emt 0:00:06] Pair of Knights!} 19. Qg4 Bd4 20. Rae1 Nc5 (20... Bxb2 21. Rb1 Bd4 22. Rxb7 $11) 21. Nxc5 dxc5 22. Be4 Qf6 23. Bc3 Bxc3 (23... Rad8 {seems wilder.} 24. Bxa5 Ra8 25. Bc3 Bxc3 26. bxc3 Rxa2 27. Bxf5 Qxf5 28. Re7 Qxg4 29. hxg4 Rd2) 24. bxc3 g6 25. Bxf5 Qxf5 26. Re7 Qxg4 (26... Qxd3 {leads to mate.} 27. Qe6+ Kh8 28. Qe5+) (26... b5 {is more complex.} 27. Qh4 Rf7 28. Rxf7 Qxf7 29. Re1 Re8) 27. hxg4 Rf7 28. Rxf7 Kxf7 $11 {[%emt 0:00:01][%mdl 4096] Endgame KR-KR} 29. Rb1 {[%emt 0:00:02] Inhibits b5.} Rb8 30. a4 {[%emt 0:00:03] Prevents b5.} h5 31. Kg2 Kf6 (31... hxg4 $11 32. Kg3 Rd8) 32. Kf3 (32. g5+ $1 $14 Ke6 33. d4) 32... Rd8 (32... hxg4+ $11 33. Kxg4 Ke6) 33. Rd1 (33. g5+ $1 $14 Ke6 34. Ke4) 33... hxg4+ 34. Kxg4 Re8 35. Rb1 Re7 36. d4 cxd4 37. cxd4 Re4 38. d5 (38. Rxb7 $11 {and White has nothing to worry.} Rxd4 39. Ra7) 38... g5 $1 $19 ({Weaker is} 38... Rxc4 39. Rxb7 cxd5 40. Rb6+ Kf7 41. Rb7+ Kf8 42. Kg5 $11) 39. Rxb7 Rxf4+ 40. Kg3 {[%emt 0:00:03] [#]} cxd5 ({And not} 40... Rxc4 41. dxc6 Rxa4 42. Rb5 $11) 41. cxd5 Rxa4 42. d6 {[%emt 0:00:15] [#]} Rd4 $2 (42... Ke6 $1 $19 43. d7 Ke7 44. d8=R+ Kxd8) 43. Ra7 $11 {[%emt 0:00:09] The position is equal.} a4 44. d7 Ke7 45. Kf3 Rxd7 46. Rxa4 g4+ 47. Kxg4 Kd6 48. Rd4+ Kc6 49. Rxd7 Kxd7 {[%emt 0:00:00] Whites escaped into a draw.  Weighted Error Value: White=0.23 (precise) /Black=0.18 (very precise)} 1/2-1/2

[Event "FTX Crypto Cup MCCT 2022"]
[Site "Miami"]
[Date "2022.08.11"]
[Round "7.1"]
[White "Duda, Jan-Krzysztof"]
[Black "Giri, Anish"]
[Result "1-0"]
[ECO "C67"]
[WhiteElo "2750"]
[BlackElo "2760"]
[Annotator "TA"]
[PlyCount "107"]
[EventDate "2022.08.10"]
[EventType "tourn"]
[EventCountry "USA"]
[SourceTitle "playchess.com"]
[Source "ChessBase"]
[SourceQuality "1"]
[TimeControl "900+10"]

1. e4 e5 2. Nf3 Nc6 3. Bb5 Nf6 4. O-O Nxe4 5. d4 Nd6 6. Bxc6 dxc6 7. dxe5 Nf5 8. Qxd8+ Kxd8 9. h3 Ke8 10. Nc3 h5 {[%emt 0:00:05] C67: Ruy Lopez: Berlin Defence: 4 0-0 Nxe4.} 11. Bf4 Be7 12. Ne4 Be6 {[%emt 0:01:50] The position is equal.} 13. Rfe1 Rd8 {[%emt 0:00:17] [#]} 14. Nfg5 $146 ({Predecessor:} 14. c3 h4 15. Nfg5 Rh6 16. Nxe6 Rxe6 17. g4 hxg3 18. fxg3 c5 19. Re2 Rd3 20. h4 {1-0 (40) Duda,J (2730)-Nakamura,H (2745) Chess.com INT 2019}) 14... Nd4 15. Nxe6 Nxe6 16. Be3 h4 17. Rad1 ({Not} 17. Bxa7 $2 b6 18. Rad1 Ra8 19. Bxb6 cxb6 $19) 17... Rxd1 18. Rxd1 Rh5 19. f4 f5 20. g4 hxg3 $1 21. Nxg3 Rxh3 22. Kg2 Rh8 ({Don't play} 22... Rh4 23. Nxf5 Rh5 24. Ng3 $14) 23. Nxf5 g6 24. Nd4 Nxd4 25. Bxd4 $11 {[%emt 0:01:37][%mdl 4096] Endgame KRB-KRB} Rf8 26. Be3 ({But not} 26. Bxa7 $6 Rxf4 27. Bd4 Kf7 $11) 26... g5 $1 27. fxg5 Rg8 $1 28. Kf3 {[%emt 0:00:26] Threatens to win with Ke4.} (28. g6 $5) 28... Bxg5 29. Bxa7 b6 $1 {[%emt 0:00:20] Inhibits Bc5.} 30. a4 Rf8+ 31. Kg4 Be7 32. Bb8 (32. a5 $5 Rg8+ 33. Kf3 $16) 32... Bd8 33. b4 Rf2 $2 {[%emt 0:00:01][%mdl 8192] White now steadily converts the win.} (33... Rg8+ $11 34. Kf5 Rg5+ 35. Kf4 Rh5) 34. a5 $1 $18 bxa5 35. bxa5 {[%emt 0:00:00] Black must now prevent a6.} Rxc2 36. Kf5 {[%emt 0:00:25] Strongly threatening Ra1.} Rb2 37. Ba7 {[%emt 0:00:10] Ke6 is the strong threat.} Ra2 (37... c5 $18 38. Bxc5 Be7) 38. Ke6 Rxa5 {[%emt 0:00:03] [#]} 39. Rh1 $1 Kf8 40. Rh8+ (40. Be3 $142 Be7 41. Rg1 Rxe5+ 42. Kxe5 Kf7 43. Rf1+ Kg6 44. Ke6 Bd6 45. Rg1+ Kh5 46. Bg5) 40... Kg7 41. Rxd8 {[%emt 0:00:01] White threatens Rd7+ and mate.} Rxa7 {[%emt 0:00:01] [#] KR-KR} 42. Kd7 $2 (42. Rd7+ $1 $18 Kg6 43. Rd3) 42... Ra5 $2 {[%emt 0:00:41][%mdl 8192] [#]} (42... c5 $11) 43. e6 $1 {[%emt 0:00:02][%cal Be5e6,Be6e7][%mdl 32] White mates.} Rd5+ 44. Kxc7 Re5 45. Kd7 Rd5+ 46. Ke8 Ra5 47. e7 Ra7 48. Rd1 Kf6 49. Rd6+ Kg7 50. Re6 c5 51. Kd8 Ra8+ 52. Kd7 Ra7+ 53. Kd6 Ra6+ 54. Kd5 {[%emt 0:00:02] Weighted Error Value: White=0.16 (very precise) /Black=0.34} 1-0

[Event "FTX Crypto Cup MCCT 2022"]
[Site "Miami"]
[Date "2022.08.11"]
[Round "7.1"]
[White "Le, Quang Liem"]
[Black "Niemann, Hans Moke"]
[Result "1-0"]
[ECO "E52"]
[WhiteElo "2722"]
[BlackElo "2688"]
[Annotator "TA"]
[PlyCount "85"]
[EventDate "2022.08.10"]
[EventType "tourn"]
[EventCountry "USA"]
[SourceTitle "playchess.com"]
[Source "ChessBase"]
[SourceQuality "1"]
[TimeControl "900+10"]

1. d4 Nf6 2. c4 e6 3. Nc3 Bb4 4. Nf3 b6 5. e3 O-O 6. Bd3 d5 7. O-O Ba6 {[%emt 0:00:20] E52: Nimzo-Indian: Rubinstein: 4...0-0 5 Nf3 d5 6 Bd3 b6.} 8. cxd5 exd5 9. Bxa6 Nxa6 {[%emt 0:00:00] The position is equal.} 10. Qa4 Qc8 11. Bd2 Qb7 {[%emt 0:00:25] is recently more successful than 11...Re8.} 12. Rac1 Bd6 13. Rfd1 {[%emt 0:01:18] [#]} c6 $146 ({Predecessor:} 13... Rfe8 14. Be1 c6 15. Ne2 Rac8 16. Rc2 Ne4 17. Rdc1 Nb8 18. Ng3 Nxg3 19. hxg3 Re6 {½-½ (41) Zhang,Z (2414)-Yilmaz,M (2631) Qinhuangdao 2019}) 14. a3 Rfc8 15. h3 Nc7 16. Ne2 Ne6 17. Bb4 c5 18. dxc5 bxc5 19. Bc3 Ne4 20. Qc2 Bc7 21. Be5 Bxe5 22. Nxe5 Rab8 23. Nd3 c4 24. Nb4 Rc5 25. Rb1 h6 26. Nc3 Nf6 {[%emt 0:00:39][%cal Be4f6,Bf6h5,Bh5g3][%mdl 32] ...a5 is the strong threat.} 27. Qe2 (27. Qd2 $11) 27... d4 $1 $17 28. exd4 (28. Rxd4 $17 Rg5 29. g3 Nxd4 30. exd4) 28... Rg5 $1 $19 (28... Nf4 29. Qf3 Qxf3 30. gxf3 Rg5+ 31. Kf1 $17) 29. g3 Nf4 $1 (29... a5 30. Nc2 $17) 30. Qf1 {[%emt 0:00:01] Inhibits Qg2+.} N6h5 31. d5 {[%emt 0:00:45] [#] Threatens to win with Kh2.} Nxg3 $1 32. fxg3 Rxg3+ 33. Kf2 $2 (33. Kh2 Rxh3+ 34. Qxh3 Nxh3 35. Kxh3) 33... Rxh3 34. Qxc4 Rh4 (34... g5 35. Ne4 $11) (34... Qb6+ 35. Qd4 Rh2+ 36. Kf3 $11) (34... Rh2+ $1 $19 {is more deadly.} 35. Kf3 (35. Kg3 $2 Qd7 $19) 35... Ng6) 35. Rd4 $17 g5 (35... Rh2+ $1 $17 36. Kg1 (36. Kg3 $2 Qd7 $19) 36... Rg2+ 37. Kf1 (37. Kh1 $2 Qd7 $19) 37... Qd7 $1) 36. Qc6 ({White should try} 36. Ne4 $1 $14 Rc8 37. Nc6 Nxd5 38. Qxd5 (38. Rxd5 Rxc6 39. Qd4 Rc2+ 40. Kg1 Rg4+ 41. Kh1 Rh4+ 42. Kg1 Rg4+ 43. Kh1 Rh4+ 44. Kg1 $11) 38... Rxc6 39. Kf3 (39. Qd8+ Kh7 $17)) 36... Qe7 $11 {[%emt 0:00:11] ( -> ...Rh2+)} 37. Re4 Qf8 {[%emt 0:00:08] [#]} (37... Nd3+ $1 $11 38. Nxd3 Rxe4) 38. d6 $1 $16 {[%emt 0:00:15] Hoping for d7.} Rb6 $2 {[%emt 0:00:11][%mdl 8192] This costs Black the game.} (38... Rc8 $16 39. Qa6 Rh2+ 40. Kg1 Rd2) 39. Re8 $18 {[%emt 0:00:10] White is clearly winning.} Nd3+ (39... Rh2+ $142 40. Ke3 Rh3+ 41. Ke4 f5+ 42. Kd4 Rxc6 43. Rxf8+ Kxf8) 40. Kg3 ({Weaker is} 40. Nxd3 Rxc6 41. d7 {[#]} (41. Rxf8+ Kxf8 42. d7 Ke7 $14) 41... Rd4 $1 $14) 40... Rxc6 41. Rxf8+ Kxf8 42. Nxc6 {[%emt 0:00:01] Black must now prevent d7.} Nc5 43. Re1 {[%emt 0:00:17] Weighted Error Value: White=0.26 (precise) /Black=0.50} 1-0

[Event "FTX Crypto Cup MCCT 2022"]
[Site "Miami"]
[Date "2022.08.11"]
[Round "7.2"]
[White "Firouzja, Alireza"]
[Black "Aronian, Levon"]
[Result "1/2-1/2"]
[ECO "C88"]
[WhiteElo "2793"]
[BlackElo "2775"]
[Annotator "TA"]
[PlyCount "119"]
[EventDate "2022.08.10"]
[EventType "tourn"]
[EventCountry "USA"]
[SourceTitle "playchess.com"]
[Source "ChessBase"]
[SourceQuality "1"]
[TimeControl "900+10"]

1. e4 e5 2. Nf3 Nc6 3. Bb5 a6 4. Ba4 Nf6 5. O-O Be7 6. d3 b5 7. Bb3 d6 8. c3 O-O 9. h3 Re8 10. Re1 Bf8 11. Nbd2 h6 12. d4 Bb7 13. Bc2 {[%emt 0:00:09] C88: Closed Ruy Lopez: Anti-Marshall Systems.} Nb8 14. b3 Nbd7 15. Bb2 {[%emt 0:00:02] [#]} c6 $146 ({Predecessor:} 15... Rc8 16. a4 c6 17. Bd3 Nh5 18. Bf1 Nf4 19. g3 Ne6 20. h4 Qb6 21. Bh3 exd4 22. Nxd4 {½-½ (34) Straka,J (2019)-Preussner,M (2091) ICCF email 2020}) 16. c4 exd4 17. Nxd4 g6 18. cxb5 axb5 (18... cxb5 $15 19. N4f3 Nh5) 19. a4 $11 bxa4 20. bxa4 Bg7 21. Nc4 Nb6 22. Nxb6 (22. Ne3 {looks sharper.} c5 23. Nb5 Bxe4 24. Bb3) 22... Qxb6 23. Rb1 {[%emt 0:00:01][%cal Od4f5] aiming for Nf5!} Qc7 24. Bc3 Ba6 25. Nf3 d5 26. exd5 Rxe1+ 27. Nxe1 Rd8 28. Bxf6 Bxf6 29. Qf3 Rd6 30. dxc6 Qxc6 31. Qxc6 (31. Bb3 {seems wilder.} Kg7 32. Rd1 Qxf3 33. Nxf3 Rb6 34. Ba2) 31... Rxc6 32. Bd3 Bxd3 33. Nxd3 {[%emt 0:00:02][%mdl 4096] Endgame KRB-KRN} Rc4 (33... Rc3 $5 34. Nf4 Be5 $11) 34. a5 (34. Rb4 $5 Rc3 35. Nf4 $14) 34... Ra4 35. Rb6 Kg7 36. a6 Ra3 (36... Bd4 $11 37. Rc6 Kf8) 37. Rd6 $14 Kf8 $2 38. Rxf6 $18 Rxd3 {[%emt 0:00:02] KR-KR} 39. Kf1 ({And not} 39. a7 Ra3 $11) 39... Rd2 40. Rb6 ({Weaker is} 40. a7 Ra2 $11) 40... Ra2 41. g4 h5 42. g5 h4 {[%emt 0:00:01] [#]} 43. Ke1 $1 {[%emt 0:00:30] Kd1 is the strong threat.} Kg7 $2 (43... Ke7 44. f4 Rh2) 44. Rf6 $2 (44. Kd1 $18 Kf8 45. Kc1) 44... Ra5 $1 $14 45. f4 Ra3 46. Rb6 Rxh3 $2 {[%emt 0:00:02][%mdl 8192] [#]} (46... Kh7 $14) 47. a7 Ra3 48. Rb7 Ra4 49. Ke2 h3 50. Kf3 $2 (50. Kf2 {mates} Rxf4+ 51. Kg3 Ra4 52. Kxh3 Ra3+ 53. Kg4 Ra5 54. Kh3 Ra3+ 55. Kh4) 50... Ra2 $11 {[%emt 0:00:02] The position is equal.} 51. Kg3 h2 52. Rb1 Rxa7 53. Kxh2 f6 54. gxf6+ Kxf6 55. Kg3 Ra2 56. Rb6+ Kf5 57. Rb5+ Kf6 58. Rb6+ Kf5 59. Rb5+ Kf6 60. Rb6+ {[%emt 0:00:00] Weighted Error Value: White=0.31/Black=0.33} 1/2-1/2

[Event "FTX Crypto Cup MCCT 2022"]
[Site "Miami"]
[Date "2022.08.11"]
[Round "7.2"]
[White "Giri, Anish"]
[Black "Duda, Jan-Krzysztof"]
[Result "0-1"]
[ECO "A18"]
[WhiteElo "2760"]
[BlackElo "2750"]
[Annotator "TA"]
[PlyCount "52"]
[EventDate "2022.08.10"]
[EventType "tourn"]
[EventCountry "USA"]
[SourceTitle "playchess.com"]
[Source "ChessBase"]
[SourceQuality "1"]
[TimeControl "900+10"]

1. c4 {[%emt 0:00:00] Bulletin} e6 2. Nc3 Nf6 3. e4 d5 4. e5 d4 5. exf6 dxc3 6. bxc3 Qxf6 7. Nf3 c5 8. d4 h6 9. Bd3 Nc6 10. Rb1 {[%emt 0:01:24] A18: English Opening: Flohr-Mikenas System (1 c4 Nf6 2 Nc3 e6 3 e4).} cxd4 11. cxd4 Nxd4 12. Nxd4 {[%emt 0:00:07] The position is equal.} Qxd4 {[%emt 0:00:00] [#]} 13. Bb2 $146 (13. O-O $11 {remains equal.}) ({Predecessor:} 13. O-O Bd6 14. Bb2 Qh4 15. g3 Qg5 16. h4 Qe7 17. Qg4 f6 18. Bg6+ Kf8 19. Rbd1 b5 20. Rxd6 Qxd6 21. Qf3 {1-0 (21) Cox,J (2345)-Richmond,P Southport/ Merseyside 1983 EXT 1999 [Bulletin]}) 13... Bb4+ $17 14. Kf1 Bc3 {[%emt 0:00:04] Black is more active.} 15. Ba3 Bd7 (15... b6 $1 $17 16. Rc1 Bb2 17. Bxb2 Qxb2) 16. Rxb7 $11 g5 (16... h5 $1 $11) 17. Qb1 (17. Qf3 $14 Rc8 18. h3) 17... Rd8 18. h4 {[%emt 0:02:18] Threatens to win with Rh3.} g4 {[%emt 0:00:04] Prevents Rh3.} 19. h5 (19. g3 $1 $11) 19... Rg8 {[%emt 0:01:31] ...Rg5 is the strong threat.} 20. g3 $2 (20. Rh4 $17 {only move.}) 20... Rg5 $1 $19 21. Be2 {[%emt 0:04:40] [#]} Re5 $2 $40 {[%emt 0:00:17][%mdl 128] Black goes for the king. Really sharp!} ({Not} 21... Rf5 22. Rh2 $17) (21... Ra5 $1 $19 {[%cal Ra5a3] and Black stays clearly on top.} 22. Bb2 (22. Qh7 $2 Rxa3 23. Qg8+ Ke7 $19) 22... Bxb2 23. Rxb2 Bc6) 22. Rh4 $2 {[%emt 0:00:53][%mdl 8192] [#] White does not recover from this.} (22. Qh7 {[#] is a self mate.} Qd1+ $3 23. Bxd1 Re1+ 24. Kg2 Bc6+) (22. Qc2 $17) 22... Rxe2 $1 {[%emt 0:00:25][%mdl 512] Black is clearly winning.} 23. Kxe2 Qxc4+ 24. Qd3 Qxa2+ 25. Kf1 Qxa3 26. Rxg4 {[%emt 0:00:11] And now Rg8+ would win.} Qc1+ {[%emt 0:00:01] Weighted Error Value: White=0.94/Black=0.29 (precise)} 0-1

[Event "FTX Crypto Cup MCCT 2022"]
[Site "Miami"]
[Date "2022.08.11"]
[Round "7.2"]
[White "Niemann, Hans Moke"]
[Black "Le, Quang Liem"]
[Result "1-0"]
[ECO "C50"]
[WhiteElo "2688"]
[BlackElo "2722"]
[Annotator "TA"]
[PlyCount "115"]
[EventDate "2022.08.10"]
[EventType "tourn"]
[EventCountry "USA"]
[SourceTitle "playchess.com"]
[Source "ChessBase"]
[SourceQuality "1"]
[TimeControl "900+10"]

1. e4 e5 2. Nf3 Nc6 3. Bc4 Nf6 4. d3 Bc5 5. Nc3 a6 6. a4 {[%emt 0:00:14] C50: Hungarian Defence and Giuoco Pianissimo.} d6 7. Be3 $1 {[%emt 0:00:20][%mdl 4] outshines the older 7.h3.} O-O 8. Bxc5 {[%emt 0:00:03] The position is equal.} dxc5 {[%emt 0:00:00] [#]} 9. h3 $146 {[%emt 0:00:13] Against Bg4} ({Predecessor:} 9. O-O Bg4 10. Qe2 Nd4 11. Qd1 Nh5 12. Nd5 Nf4 13. Nxf4 exf4 14. c3 Nxf3+ 15. gxf3 {1-0 (22) Marcos Rodriguez,R (1354)-Garcia Raschke,H (1142) Barcelona 2019}) 9... b6 10. O-O Qd6 11. Nd2 Bd7 12. Ba2 Nb4 13. Nc4 Qe7 14. Bb3 Be6 15. Ra3 Nc6 16. Ne3 Bxb3 17. Rxb3 Nd4 18. Ra3 c6 19. Ne2 g6 20. Qd2 Rad8 21. Nxd4 Rxd4 22. Qe2 Rfd8 (22... Nh5 {feels hotter.} 23. Nf5 gxf5 24. Qxh5 f4) 23. Raa1 Nh5 24. g3 Ng7 25. b3 Ne6 26. Rae1 Qc7 (26... b5 {looks sharper.} 27. f4 exf4 28. gxf4 bxa4 29. f5 Ng5) 27. Qg4 b5 (27... Rf8 $11) 28. axb5 $16 axb5 29. f4 $1 exf4 30. gxf4 Ng7 31. Qg5 Qb6 (31... Kh8 $16 32. Ng4 (32. Qxc5 Ne6 $16) 32... R4d6) 32. Kh1 {[%emt 0:00:44] Strongly threatening Ng4.} c4 (32... Rf8 {was necessary.} 33. Ng4 Qd8) 33. bxc4 {[%emt 0:00:03] Ng4 is the strong threat.} bxc4 34. Nxc4 ({White should play} 34. f5 $18 Qc7 35. Nxc4) 34... Rxc4 35. dxc4 Qd4 36. f5 Re8 37. f6 (37. Qg4 $18) 37... Ne6 38. Qe3 Qxc4 {[%emt 0:00:03] [#]} 39. Rf2 $1 Qb5 40. e5 Qb4 41. Rd1 g5 (41... h6 $16 {is a better defense.} 42. c3 (42. Qxh6 Qe4+ 43. Kg1 Qxe5 $16) 42... Qc4) 42. Rg1 $18 {[%emt 0:00:15] Black must now prevent Rxg5+.} Kh8 43. Rg4 Qb1+ {[%emt 0:00:05] [#]} 44. Kh2 $1 Ra8 45. Rd2 {[%emt 0:02:01] aiming for Rxg5.} Qf1 $2 (45... Rg8 46. h4 Qf1 47. hxg5 Qf5) 46. Rxg5 Ra3 47. Qxa3 (47. Rd8+ $142 Nxd8 48. Qxa3 Qe2+ 49. Kg3 Qe1+ 50. Kg4 Qd1+ 51. Kh4) 47... Qf4+ 48. Kh1 {[%emt 0:00:52][%cal Od2d8] White wants to mate with Rd8+!} Qxd2 {[%emt 0:00:03][%mdl 4096] Endgame KQR-KQN} 49. Rg2 Qe1+ 50. Kh2 Qxe5+ 51. Qg3 Qxg3+ 52. Kxg3 {[%emt 0:00:08] KR-KN} Kg8 53. Rd2 h6 54. Kg4 c5 55. c3 {[%emt 0:00:05] Kf5 would kill now.} Ng5 56. Re2 Kh7 57. h4 Ne6 58. Kf5 {[%emt 0:00:08] Weighted Error Value: White=0.11 (very precise) /Black=0.42} 1-0